 Dungeon Crawl Stone Soup version 0.30.1-10-g1249ef9ec4 (webtiles) character file.

Game seed: 737845102969035843

9936 lonewolfV2 the Eye of the Storm (level 11, 0/78 HPs)
             Began as a Demonspawn Fighter on Oct 26, 2023.
             Was a Priest of Qazlal.
             Succumbed to Sonja's poison
             ... on level 10 of the Dungeon.
             The game lasted 00:16:19 (9313 turns).

lonewolfV2 the Eye of the Storm (DsFi)              Turns: 9313, Time: 00:16:19

Health: 0/78       AC: 24    Str: 28    XL:     11   Next: 29%
Magic:  18/20      EV: 18    Int: 12    God:    Qazlal [***...]
Gold:   704        SH: 18    Dex: 30    Spells: 10/10 levels left

rFire   . . .        a - +1 war axe
rCold   . . .        r - +1 kite shield
rNeg    . . .        A - +9 chain mail of Gexuelus {Int+3 Dex+4 Stlth+}
rPois   .            (helmet restricted)
rElec   .            (no cloak)
rCorr   .            p - +2 pair of gloves {Dex+3}
SInv    +            (no boots)
Will    .....        c - amulet of guardian spirit
Stlth   ++           l - ring of see invisible
HPRegen 0.33/turn    x - ring "Nisast" {Str+7 Dex+6}
MPRegen 0.34/turn

%: guardian spirit
@: lethally poisoned (0 -> -43)
A: horns 2, thin skeletal structure 2, demonic guardian 2, magic shield, magic
regeneration
a: Renounce Religion, Upheaval, Elemental Force


You were on level 10 of the Dungeon.
You worshipped Qazlal.
Qazlal was most pleased with you.
You visited 2 branches of the dungeon, and saw 11 of its levels.

You collected 1005 gold pieces.
You spent 301 gold pieces at shops.

Inventory:

Hand Weapons
 a - a +1 war axe (weapon)
Armour
 p - a +2 pair of gloves of dexterity (worn)
 r - a +1 kite shield (worn)
 A - the +9 chain mail of Gexuelus (worn) {Int+3 Dex+4 Stlth+}
   (You acquired it on level 8 of the Dungeon)

   Int:       It affects your intelligence (+3).
   Dex:       It affects your dexterity (+4).
   Stlth:     It makes you more stealthy.
Jewellery
 b - a ring of wizardry
 c - an amulet of guardian spirit (around neck)
 f - a ring of resist corrosion
 i - a ring of positive energy
 j - an amulet of magic regeneration
 l - a ring of see invisible (left hand)
 x - the ring "Nisast" (right hand) {Str+7 Dex+6}
   (You took it off an orc wizard on level 5 of the Dungeon)

   [ring of dexterity]

   Str:       It affects your strength (+7).
   Dex:       It affects your dexterity (+6).
 G - a ring of willpower
Wands
 u - a wand of paralysis (2)
 v - a wand of flame (5)
Scrolls
 e - a scroll of enchant weapon
 q - 2 scrolls of fear
 s - 5 scrolls of teleportation
 t - 2 scrolls of poison
 w - 4 scrolls of blinking
 y - 2 scrolls of noise
 C - a scroll of identify
 E - a scroll of fog
Potions
 d - a potion of might
 g - 2 potions of haste
 h - 5 potions of brilliance
 k - 2 potions of resistance
 m - 2 potions of attraction
 n - 4 potions of flight
 o - 4 potions of cancellation
 z - a potion of lignification
 B - 2 potions of degeneration
 D - 2 potions of magic
 F - a potion of heal wounds


   Skills:
 + Level 4.3 Fighting
 * Level 4.5 Axes
 - Level 10.1 Armour
 - Level 10.1 Dodging
 + Level 3.5 Shields
 - Level 12.2 Invocations


You had 10 spell levels left.
You didn't know any spells.
Your spell library contained the following spells:

 Spells                   Type           Power      Damage    Failure   Level
 Summon Small Mammal      Summ           0%         N/A       93%         1
 Call Canine Familiar     Summ           0%         N/A       100%        3
 Inner Flame              Hex/Fire       0%         N/A       100%        3
 Summon Guardian Golem    Hex/Summ       0%         N/A       100%        3
 Flame Wave               Conj/Fire      0%         2d4       100%        4
 Sticky Flame             Conj/Fire      0%         2d3       100%        4


Dungeon Overview and Level Annotations

Branches:
Dungeon (10/15)            Temple (1/1) D:4             Orc (0/2) D:9
   Lair: D:8-11

Altars:
Ashenzari
Cheibriados
Dithmenos
Fedhas
Gozag
Hepliaklqana
Kikubaaqudgha
Makhleb
Nemelex Xobeh
Okawaru
Qazlal
Ru
Sif Muna
Trog
Uskayaw
Vehumet
Wu Jian
Xom
Yredelemnul

Shops:
D:4 [   D:6 *

Portals:
Bailey: D:8

Annotations:
D:7 2 transporters


Innate Abilities, Weirdness & Mutations

You have a pair of horns on your head.
You have a moderately thin skeletal structure. (Dex +4, Stealth++)
A demonic guardian rushes to your aid.
When hurt, damage is shared between your health and your magic reserves.
You regenerate magic rapidly.


Message History

The water moccasin is severely wounded.
You feel very sick. The water moccasin misses you.
Sonja throws a curare-tipped dart.
The curare-tipped dart closely misses you.
The water moccasin closely misses you.
Sonja throws a curare-tipped dart.
The curare-tipped dart misses you.
You slash the water moccasin!
You kill the water moccasin!
Qazlal accepts your kill.
You feel very sick.
Sonja throws a curare-tipped dart.
You block the curare-tipped dart.
You feel sick.
You see here a water moccasin corpse.
You start resting.
You feel sick. x2
Sonja is nearby!
Sonja is nearby!
You feel sick.
You block Sonja's attack. x2; Sonja misses you.
You completely miss Sonja. Your headbutt misses Sonja.
Sonja is heavily wounded.
You feel sick. You block Sonja's attack. x3
Sonja hits you but does no damage.
You are more poisoned.
Sonja hits you with a +0 dagger of venom.
* * * LOW HITPOINT WARNING * * *
You are lethally poisoned!
Sonja hits you but does no damage.
You are more poisoned.
You slash Sonja!
Sonja is almost dead.
* * * LOW HITPOINT WARNING * * *
You feel extremely sick.
You block Sonja's attack. x2; Sonja misses you.
Sonja hits you but does no damage.
You are more poisoned.
Sonja closely misses you. Sonja hits you but does no damage.
You are more poisoned.
You completely miss Sonja. You headbutt Sonja.
You kill Sonja!
Qazlal accepts your kill.
You die...

.........#.##..#.........
...........##..#.....###.
.....#...#### #.....# #.
.###.#...## #.....# #.
..........## #.....# #.
.....###.)†## #.....# #.
.###. ##††.# #####.# ## #
#†#.# #.# #@#..# #.#
#.....).......
#P....##.#...## ..♣P..
.#.#$.. ...♣ .#.#.###
...P .P.. . ♣.. PP .. ..P


There were no monsters in sight!

Vanquished Creatures
  A fire dragon (D:9)
  A two-headed ogre (D:9)
  Sonja (D:10)
  A gargoyle (D:10)
  Maggie (D:7)
  A kobold demonologist (D:10)
  Prince Ribbit (D:7)
  Sigmund (D:3)
  A wraith (D:10)
  A vampire (D:9)
  4 wyverns
  14 yaks
  3 water moccasins (D:10)
  4 orc warriors (D:9)
  An ice beast (D:6)
  2 black bears
  5 centaurs
  An ogre (D:8)
  2 phantoms
  3 kobold brigands
  Blork the orc (D:6)
  A bullfrog (D:8)
  7 scorpions
  4 wights (D:8)
  A crimson imp (D:5)
  2 hounds
  Crazy Yiuf (D:3)
  3 orc priests
  2 jellies
  2 sleepcaps
  5 iguanas
  6 orc wizards
  Robin (D:3)
  5 adders
  A shadow imp (D:7)
  2 white imps
  An ufetubus (D:6)
  2 worms
  A dart slug (D:3)
  50 orcs
  11 endoplasms
  A giant cockroach (D:1)
  13 goblins
  14 hobgoblins
  7 jackals
  4 quokkas
  6 ball pythons
  2 bats
  5 frilled lizards
  13 kobolds
  6 rats
229 creatures vanquished.

Vanquished Creatures (collateral kills)
  2 orc priests (D:9)
  A sleepcap (D:5)
  A jackal (D:5)
4 creatures vanquished.

Vanquished Creatures (others)
  An orc wizard (D:9)
1 creature vanquished.

Grand Total: 234 creatures vanquished

Notes
Turn   | Place    | Note
-------+----------+-------------------------------------------
     0 | D:1      | lonewolfV2 the Demonspawn Fighter began the quest for the
                  | Orb.
     0 | D:1      | Reached XP level 1. HP: 18/18 MP: 1/1
   211 | D:1      | Reached skill level 1 in Dodging
   233 | D:1      | Gained mutation: You have a somewhat thin skeletal
                  | structure. (Dex +2, Stealth+) [demonic ancestry]
   233 | D:1      | Reached XP level 2. HP: 24/24 MP: 2/2
   527 | D:2      | Found a hide-covered altar of Uskayaw.
   829 | D:2      | Gained mutation: You have a pair of small horns on your
                  | head. [demonic ancestry]
   829 | D:2      | Reached XP level 3. HP: 26/29 MP: 3/3
  1205 | D:3      | Noticed Robin
  1212 | D:3      | Killed Robin
  1234 | D:3      | Gained mutation: You have a pair of horns on your head.
                  | [demonic ancestry]
  1234 | D:3      | Reached XP level 4. HP: 18/35 MP: 4/4
  1822 | D:3      | Noticed Sigmund
  1829 | D:3      | Killed Sigmund
  1830 | D:3      | Gained mutation: A weak demonic guardian rushes to your
                  | aid. [demonic ancestry]
  1830 | D:3      | Reached XP level 5. HP: 36/41 MP: 5/5
  2029 | D:3      | Found a runed translucent door.
  2030 | D:3      | Noticed Crazy Yiuf
  2037 | D:3      | Killed Crazy Yiuf
  2038 | D:3      | Reached XP level 6. HP: 36/47 MP: 2/6
  2244 | D:4      | Found a staircase to the Ecumenical Temple.
  2340 | Temple   | Entered the Ecumenical Temple
  2498 | Temple   | Became a worshipper of Qazlal Stormbringer
  2909 | D:4      | Reached skill level 1 in Invocations
  3124 | D:4      | Found Ganaeg's Armour Boutique.
  3615 | D:4      | Identified a scroll of acquirement
  3615 | D:4      | Acquired 345 gold pieces
  3702 | D:4      | Bought a +2 pair of gloves of dexterity for 301 gold pieces
  3753 | D:5      | Entered Level 5 of the Dungeon
  3773 | D:5      | Reached skill level 2 in Invocations
  3912 | D:5      | Reached skill level 5 in Dodging
  3912 | D:5      | Reached XP level 7. HP: 52/52 MP: 6/8
  4042 | D:5      | Reached skill level 5 in Armour
  4044 | D:5      | Reached skill level 3 in Invocations
  4166 | D:5      | Reached * piety under Qazlal
  4190 | D:5      | Found an ancient bone altar of Kikubaaqudgha.
  4190 | D:5      | Found a sparkling altar of Nemelex Xobeh.
  4190 | D:5      | Found a sacrificial altar of Ru.
  4190 | D:5      | Found a hazy altar of Hepliaklqana.
  4206 | D:5      | Found an ornate altar of the Wu Jian Council.
  4211 | D:5      | Found an iron altar of Okawaru.
  4269 | D:5      | Identified the ring "Nisast" {Str+7 Dex+6}
  4270 | D:5      | Found a bloodstained altar of Trog.
  4468 | D:5      | Reached skill level 4 in Invocations
  4667 | D:5      | Found a radiant altar of Vehumet.
  4667 | D:5      | Found a burning altar of Makhleb.
  4845 | D:6      | Gained mutation: You have a moderately thin skeletal
                  | structure. (Dex +4, Stealth++) [demonic ancestry]
  4845 | D:6      | Reached XP level 8. HP: 58/58 MP: 11/11
  4995 | D:6      | Found Xului's Gadget Gallery.
  5153 | D:6      | Noticed Blork the orc
  5164 | D:6      | Found a shimmering blue altar of Sif Muna.
  5217 | D:6      | Reached skill level 10 in Invocations
  5217 | D:6      | Gained mutation: You regenerate magic rapidly. [demonic
                  | ancestry]
  5217 | D:6      | Reached XP level 9. HP: 63/63 MP: 11/16
  5353 | D:6      | Found a basalt altar of Yredelemnul.
  5596 | D:6      | Killed Blork the orc
  5711 | D:7      | Found a transporter.
  5714 | D:7      | Noticed a two-headed ogre
  5719 | D:7      | Noticed an orc knight
  5880 | D:7      | Found a transporter.
  5951 | D:7      | Noticed Prince Ribbit
  5963 | D:7      | Killed Prince Ribbit
  5966 | D:7      | Noticed Maggie
  5978 | D:7      | Killed Maggie
  6310 | D:7      | Found a broken altar of Ashenzari.
  6684 | D:8      | Found a flagged portal.
  6685 | D:8      | Acquired the +9 chain mail of Gexuelus {Int+3 Dex+4 Stlth+}
  6751 | D:8      | Reached ** piety under Qazlal
  6837 | D:8      | Gained mutation: When hurt, damage is shared between your
                  | health and your magic reserves. [demonic ancestry]
  6837 | D:8      | Reached XP level 10. HP: 70/70 MP: 18/18
  6922 | D:8      | Reached skill level 11 in Invocations
  7271 | D:9      | Noticed a two-headed ogre
  7283 | D:9      | Killed a two-headed ogre
  7296 | D:9      | Reached *** piety under Qazlal
  7677 | D:9      | Reached skill level 10 in Armour
  7677 | D:9      | Reached skill level 10 in Dodging
  8085 | D:9      | Found a staircase to the Orcish Mines.
  8356 | D:9      | Noticed a fire dragon
  8388 | D:9      | Killed a fire dragon
  8877 | D:10     | Entered Level 10 of the Dungeon
  8901 | D:10     | Reached skill level 12 in Invocations
  9120 | D:10     | Gained mutation: A demonic guardian rushes to your aid.
                  | [demonic ancestry]
  9120 | D:10     | Reached XP level 11. HP: 65/75 MP: 18/20
  9271 | D:10     | Noticed Sonja
  9313 | D:10     | Killed Sonja
  9313 | D:10     | Succumbed to Sonja's poison

Illustrated notes

Levels and vault maps discovered:
D:1:      noname_arrival_rooms_in_the_neighbourhood, layout_basic
D:2:      layout_loops_ring, basic_altar
D:3:      layout_basic, uniq_sigmund, uniq_crazy_yiuf_cottage, uniq_robin
D:4:      layout_loops_cross, minmay_temple_entry_poolview,
          serial_co_window_serial, co_window_paths_a, co_window_corner_a,
          co_window_of_opportunity_a, co_window_paths_a,
          co_window_of_opportunity_a, co_window_corner_a, co_window_corner_a,
          co_window_paths_b, co_window_corner_a, co_window_unsneaky_path_b,
          co_window_corner_b, co_window_broadway_a, co_window_corner_b,
          co_window_corner_b, serial_shops, shop
D:5:      layout_basic, grunt_temple_overflow_lords_of_destruction,
          trog_three_pillars_becter, minmay_overflow_temple_hex
D:6:      layout_basic, mainiacjoe_overflow_concentric_impassable, tgw_sif,
          serial_glass, glass_columns_c, glass_columns_c, glass_columns_b,
          glass_columns_b, glass_columns_a, glass_columns_c, glass_columns_a,
          glass_columns_b, glass_columns_b, glass_columns_a,
          chequers_serial_rivers_micro_d, nicolae_shop_gadgets
D:7:      gammafunk_beogh_shrine, layout_basic, cheibrodos_ashenzari_chains,
          uniq_maggie, uniq_prince_ribbit1
D:8:      layout_rooms, enter_bailey_2, special_room [special_room_orc]
D:9:      dragon1_lemuel, layout_basic, david_orc_4
D:10:     layout_basic, minmay_lair_entry_grove, serial_park_tiny_2, uniq_sonja
Temple:   hellmonk_temple_flake

Skill      XL: |  1  2  3  4  5  6  7  8  9 10 11 |
---------------+----------------------------------+-----
Dodging        | 1 2 4 5 8 9 10 | 10.1
Armour         | 3 4 5 9 10 | 10.1
Invocations    | 2 4 10 12 | 12.2
Axes           | 2 4 |  4.5
Shields        | 3 |  3.5
Fighting       | 4 |  4.3

Action                     |  1- 3 |  4- 6 |  7- 9 | 10-12 || total
---------------------------+-------+-------+-------+-------++-------
  Melee: War axe           |    86 |    94 |   154 |   243 ||   577
         Headbutt          |     7 |    16 |    44 |    53 ||   120
 Invoke: Upheaval          |       |       |       |     2 ||     2
  Evoke: Wand              |       |       |     7 |     3 ||    10
    Use: Scroll            |     8 |     4 |    10 |     2 ||    24
         Potion            |       |       |     2 |     9 ||    11
   Stab: Sleeping          |       |       |     1 |       ||     1
         Distracted        |       |       |     1 |       ||     1
 Armour: Scale mail        |    53 |    28 |    51 |       ||   132
         Chain mail        |       |       |     4 |   131 ||   135
  Dodge: Dodged            |    47 |    47 |   111 |   265 ||   470
  Block: Buckler           |    24 |     1 |       |       ||    25
         Kite shield       |       |    40 |   132 |   376 ||   548
